 Dungeon Crawl Stone Soup version 0.25-a0-253-g6f1b5d974a (webtiles) character file.

Game seed: 10553168995645627334, levelgen mode: classic

2870 Borgoz the Covered (level 9, -7/56 HPs)
             Began as a Gargoyle Monk on Dec 5, 2019.
             Was a High Priest of Okawaru.
             Mangled by a komodo dragon (23 damage)
             ... on level 9 of the Dungeon.
             The game lasted 00:14:46 (9400 turns).

Borgoz the Covered (Gargoyle Monk)                  Turns: 9400, Time: 00:14:46

Health: -7/56      AC: 13    Str: 18    XL:     9   Next: 76%
Magic:  12/12      EV: 13    Int: 11    God:    Okawaru [*****.]
Gold:   177        SH:  0    Dex: 12    Spells: 8/8 levels left

rFire    + . .     SeeInvis .   a - +0 falchion
rCold    . . .     Gourm    .   (no shield)
rNeg     + + .     Faith    +   s - +0 ring mail
rPois    ∞         Spirit   .   (no helmet)
rElec    +         Reflect  .   (no cloak)
rCorr    .         Harm     .   (no gloves)
MR       .....                  (no boots)
Stlth    +.........             D - amulet of faith
HPRegen  0.18/turn              t - ring of protection from fire
MPRegen  0.13/turn              w - ring of positive energy

@: studying Axes
A: negative energy resistance 1, electricity resistance, unbreathing,
petrification resistance, rot immunity, AC +6
a: Heroism, Finesse, Renounce Religion


You were on level 9 of the Dungeon.
You worshipped Okawaru.
Okawaru was extremely pleased with you.
You were not hungry.

You visited 2 branches of the dungeon, and saw 10 of its levels.

You collected 414 gold pieces.
You spent 237 gold pieces at shops.

Inventory:

Hand Weapons
 a - a +0 falchion (weapon)
Armour
 s - a +0 ring mail (worn)
Jewellery
 b - a +5 amulet of reflection
 p - an uncursed ring of fire
 t - a ring of protection from fire (left hand)
 w - a ring of positive energy (right hand)
 D - an amulet of faith (around neck)
Wands
 x - a wand of acid (6)
 z - a wand of paralysis (4)
 B - a wand of polymorph (7)
 C - a wand of disintegration (11)
Scrolls
 d - 2 scrolls of noise {unknown}
 j - 4 scrolls of fog {unknown}
 k - a scroll of immolation {unknown}
 l - 2 scrolls of remove curse {unknown}
 n - 2 scrolls of magic mapping
 o - 3 scrolls of amnesia {unknown}
 r - 3 scrolls of enchant weapon {unknown}
 y - 2 scrolls of teleportation
 E - a scroll of identify
Potions
 e - 3 potions of lignification
 f - 5 potions of curing
 g - 2 potions of heal wounds
 h - a potion of cancellation
 i - a potion of brilliance
 m - 2 potions of haste
 q - a potion of resistance
Books
 A - a manual of Axes
Comestibles
 c - 14 rations
 v - a chunk of flesh


   Skills:
 + Level 6.5 Fighting
 * Level 7.1 Long Blades
 * Level 7.8 Armour
 + Level 4.8 Dodging
 - Level 2.1 Stealth
 + Level 4.3 Invocations


You had 8 spell levels left.
You didn't know any spells.
Your spell library contained the following spells:

 Spells                   Type           Power        Failure   Level  Hunger
 Magic Dart               Conj           #...         50%         1    ##.....
 Searing Ray              Conj           #.....       65%         2    ###....
 Dazzling Flash           Conj/Hex       #.....       86%         3    ####...
 Fulminant Prism          Conj/Hex       #.........   99%         4    #####..
 Iskenderun's Mystic Bla  Conj/Tloc      #.......     99%         4    #####..


Dungeon Overview and Level Annotations

Branches:
Dungeon (9/15)             Temple (1/1) D:5
   Lair: D:8-11         Orc: D:9-12

Altars:
Ashenzari
Cheibriados
Dithmenos
Elyvilon
Fedhas
Gozag
Hepliaklqana
Kikubaaqudgha
Makhleb
Nemelex Xobeh
Okawaru
Qazlal
Ru
Sif Muna
Trog
Uskayaw
Vehumet
Wu Jian
Xom
Yredelemnul
Zin
The Shining One

Shops:
D:6 ?   D:7 *

Annotations:
D:3 2 transporters


Innate Abilities, Weirdness & Mutations

You are resistant to torment.
Your stone body is resilient. (AC +6)
You are immune to poison.
You resist negative energy. (rN+)
You are resistant to electric shocks. (rElec)
You can survive without breathing.
You are immune to petrification.
You are immune to rotting.


Message History

The komodo dragon hisses menacingly.
The komodo dragon bites you.
* * * LOW HITPOINT WARNING * * *
Evoke which item? (* to show all) (? for menu, Esc to quit)
Aiming: Paralyse
Press: ? - help, Shift-Dir - straight line, f/p - komodo dragon
Aim: a komodo dragon (moderately wounded, chance to defeat MR: 28%)
The komodo dragon easily resists.
The komodo dragon barely misses you.
Evoke which item? (* to show all) (? for menu, Esc to quit)
Aiming: Paralyse
Press: ? - help, Shift-Dir - straight line, f/p - komodo dragon
Aim: a komodo dragon (lightly wounded, chance to defeat MR: 28%)
The komodo dragon easily resists.
The komodo dragon bites you but does no damage.
Evoke which item? (* to show all) (? for menu, Esc to quit)
Aiming: Paralyse
Press: ? - help, Shift-Dir - straight line, f/p - komodo dragon
Aim: a komodo dragon (lightly wounded, chance to defeat MR: 28%)
The komodo dragon easily resists.
The komodo dragon bites you!!
You die...

..
#....†.......
.. ..
+............
... #.
#....###.....
...##(##....##
####
.............#
.......††....#
.............#
.............#
...........@l#
............)#
##.##.##...###
# ## #...#
.......
...>.....
...........
..##.......


You could see a komodo dragon.

Vanquished Creatures
  Pikel (D:7)
  A steam dragon (D:7)
  4 slaves (D:7)
  2 black bears
  An orc warrior (D:6)
  An ice beast (D:7)
  A necrophage (D:5)
  A phantom (D:8)
  2 ogres
  A centaur (D:7)
  2 bullfrogs
  A scorpion (D:9)
  A water moccasin skeleton (D:7)
  3 killer bees (D:9)
  3 vampire bats (D:8)
  7 crimson imps
  A centaur zombie (D:6)
  A quasit (D:6)
  A hound (D:9)
  A bullfrog zombie (D:7)
  3 orc wizards
  2 iguanas
  5 worker ants
  A hound zombie (D:5)
  2 hound skeletons
  A howler monkey zombie (D:7)
  A worker ant zombie (D:6)
  6 gnolls
  12 adders
  An adder zombie (D:6)
  An adder skeleton (D:5)
  2 worms (D:3)
  2 dart slugs
  8 leopard geckos
  24 orcs
  4 ball pythons
  9 bats
  2 bat skeletons (D:8)
  4 bat zombies (D:8)
  2 giant cockroaches
  5 hobgoblins
  16 jackals
  10 kobolds
  3 quokkas (D:4)
  6 frilled lizards
  8 goblins
  8 rats
184 creatures vanquished.

Vanquished Creatures (others)
  A centaur (D:7)
1 creature vanquished.

Grand Total: 185 creatures vanquished

Notes
Turn   | Place    | Note
-------+----------+-------------------------------------------
     0 | D:1      | Borgoz the Gargoyle Monk began the quest for the Orb.
     0 | D:1      | Reached XP level 1. HP: 14/14 MP: 1/1
   491 | D:1      | Reached XP level 2. HP: 10/19 MP: 2/2
   706 | D:1      | Reached skill level 1 in Armour
  1518 | D:2      | Found a hide-covered altar of Uskayaw.
  1529 | D:2      | Reached XP level 3. HP: 22/23 MP: 3/3
  1554 | D:2      | Found a shadowy altar of Dithmenos.
  1887 | D:2      | Reached XP level 4. HP: 26/29 MP: 4/4
  2406 | D:2      | Reached XP level 5. HP: 21/33 MP: 5/5
  2564 | D:3      | Found a transporter.
  2874 | D:3      | Found a shimmering blue altar of Sif Muna.
  3556 | D:3      | Found a shimmering altar of Xom.
  3650 | D:3      | Found an iron altar of Okawaru.
  3664 | D:3      | Reached XP level 6. HP: 37/38 MP: 6/6
  3677 | D:3      | Became a worshipper of Warmaster Okawaru
  3677 | D:3      | Reached * piety under Okawaru
  3677 | D:3      | Reached ** piety under Okawaru
  3820 | D:3      | Found a transporter.
  4040 | D:4      | Found a glowing golden altar of the Shining One.
  4714 | D:4      | Found a radiant altar of Vehumet.
  4788 | D:5      | Entered Level 5 of the Dungeon
  4962 | D:5      | Found a shimmering altar of Xom.
  5110 | D:5      | Noticed a necrophage
  5118 | D:5      | Killed a necrophage
  5118 | D:5      | Reached XP level 7. HP: 36/44 MP: 4/7
  5368 | D:5      | Found a staircase to the Ecumenical Temple.
  5385 | Temple   | Entered the Ecumenical Temple
  5709 | D:5      | Reached skill level 1 in Invocations
  5802 | D:5      | Reached skill level 5 in Long Blades
  5998 | D:6      | Found a burning altar of Makhleb.
  5998 | D:6      | Noticed a blizzard demon
  6024 | D:6      | Reached skill level 5 in Armour
  6153 | D:6      | Reached skill level 5 in Fighting
  6153 | D:6      | Reached XP level 8. HP: 22/49 MP: 9/9
  6531 | D:6      | Found an ornate altar of the Wu Jian Council.
  7191 | D:6      | Reached *** piety under Okawaru
  7238 | D:6      | Found Detongic's Magic Scroll Boutique.
  7241 | D:6      | Bought a scroll of identify for 20 gold pieces
  7427 | D:7      | Noticed a water elemental
  7606 | D:7      | Found a stormy altar of Qazlal.
  7610 | D:7      | Noticed an air elemental
  7662 | D:7      | Found a basalt altar of Yredelemnul.
  7831 | D:7      | Found Ibluogel's Assorted Antiques.
  7839 | D:7      | Bought a scroll of identify for 62 gold pieces
  7839 | D:7      | Bought a dented bone amulet for 155 gold pieces
  7952 | D:7      | Noticed Pikel
  7964 | D:7      | Reached XP level 9. HP: 52/55 MP: 11/11
  7994 | D:7      | Killed Pikel
  7994 | D:7      | Reached **** piety under Okawaru
  8214 | D:7      | Found a sacrificial altar of Ru.
  8875 | D:8      | Found an ancient bone altar of Kikubaaqudgha.
  9167 | D:9      | Reached ***** piety under Okawaru
  9216 | D:9      | Noticed a komodo dragon
  9400 | D:9      | Mangled by a komodo dragon

Levels and vault maps discovered:
D:1:      erik_arrival_cave_to_civilisation [erik_arrival_cave_to_temple],
          layout_basic, minmay_heptomino_h4
D:2:      layout_loops_ring, grunt_temple_overflow_open, first_ration
D:3:      gammafunk_wand_slinger, layout_loops_ring, old_standard_altar,
          kennysheep_okawaru_gauntlet, nicolae_overflow_crystal_walls
D:4:      layout_loops_ring, kennysheep_mini, lemuel_coloured_pillars_altar
D:5:      layout_loops_ring, minmay_temple_entry_mini_moons, tgw_xom
D:6:      layout_loops_cross, kennysheep_little_box, makhleb_altar_promises_db,
          serial_shops, kennysheep_mini_moat, minmay_manual_monstrance
D:7:      layout_basic, yredelemnul_altar_generic, lemuel_doored_altar,
          serial_shops, shop, nicolae_qazlal_style_of_elements, uniq_pikel
D:8:      layout_basic, kennysheep_vampire_church
D:9:      layout_gridville
Temple:   cyrus_temple_forest

Skill      XL: |  1  2  3  4  5  6  7  8  9 |
---------------+----------------------------+-----
Long Blades    | 3 4 5 6 7 |  7.1
Armour         | 1 2 3 4 5 6 7 |  7.8
Fighting       | 4 5 6 |  6.5
Dodging        | 3 4 |  4.8
Invocations    | 1 3 4 |  4.3
Stealth        | |  2.1

Action                   |  1- 3 |  4- 6 |  7- 9 || total
-------------------------+-------+-------+-------++-------
Melee: Falchion          |   137 |   275 |   541 ||   953
       Punch             |       |       |     3 ||     3
Throw: Throwing net      |       |       |     3 ||     3
Invok: Heroism           |       |     1 |     5 ||     6
Evoke: Wand              |       |     2 |     6 ||     8
  Use: Scroll            |       |       |    11 ||    11
       Potion            |       |       |     2 ||     2
 Stab: Sleeping          |     4 |     6 |     1 ||    11
       Held in net/web   |       |       |     5 ||     5
       Paralysed         |       |       |     3 ||     3
  Eat: Chunk             |     3 |    11 |    15 ||    29
Armor: Robe              |    49 |    68 |       ||   117
       Ring mail         |       |    17 |   282 ||   299
Dodge: Dodged            |   105 |   236 |   400 ||   741
Block: Other             |       |       |    28 ||    28
       Reflection        |       |       |     1 ||     1
       Rpst.: Falchion   |    26 |    74 |   122 ||   222

Table legend:
 A = Non-vault XP
 B = Vault XP
 C = Vault XP percentage of total XP
 D = Non-vault monster count
 E = Vault monster count
 F = Vault count percentage of total count
                 A         B        C        D         E       F
            +---------+---------+-------+---------+---------+-------
      Total |    3032 |    1069 |  26.1 |     159 |      21 |  11.7
            +---------+---------+-------+---------+---------+-------
        D:1 |      22 |      10 |  31.2 |      14 |       4 |  22.2
        D:2 |     137 |       0 |   0.0 |      37 |       0 |   0.0
        D:3 |     159 |       0 |   0.0 |      26 |       0 |   0.0
        D:4 |     156 |       0 |   0.0 |      18 |       0 |   0.0
        D:5 |     457 |       9 |   1.9 |      16 |       3 |  15.8
        D:6 |     625 |     186 |  22.9 |      14 |       4 |  22.2
        D:7 |     898 |     685 |  43.3 |      20 |       1 |   4.8
        D:8 |     230 |     179 |  43.8 |       8 |       9 |  52.9
        D:9 |     348 |       0 |   0.0 |       6 |       0 |   0.0
            +---------+---------+-------+---------+---------+-------
